 Dungeon Crawl Stone Soup version 0.28-a0-895-g6e5f11bd55 (webtiles) character file.

Game seed: 14854159610529630530

217 vineage the Skirmisher (level 5, 0/35 HPs)
             Began as a Gargoyle Fighter on Nov 22, 2021.
             Slain by Grinder (1 damage)
             ... on level 3 of the Dungeon.
             The game lasted 00:02:49 (3212 turns).

vineage the Skirmisher (Gargoyle Fighter)           Turns: 3212, Time: 00:02:50

Health: 0/35       AC: 11    Str: 20    XL:     5   Next: 94%
Magic:  5/5        EV:  9    Int:  8    God:
Gold:   115        SH:  4    Dex: 10    Spells: 4/4 levels left

rFire   . . .      SeeInvis .   a - +0 flail
rCold   . . .      Faith    .   c - +0 buckler
rNeg    + . .      Spirit   .   b - +0 scale mail
rPois   ∞          Reflect  .   (no helmet)
rElec   +          Harm     .   (no cloak)
rCorr   .          Rampage  .   (no gloves)
Will    .....                   (no boots)
Stlth   ..........              (no amulet)
HPRegen 0.11/turn               (no ring)
MPRegen 0.09/turn               (no ring)

@: mighty, hasted, very quick
A: sickness immunity, AC +4, negative energy resistance 1, electricity
resistance, torment resistance 1, petrification resistance
a: no special abilities


You were on level 3 of the Dungeon.
You visited 1 branch of the dungeon, and saw 3 of its levels.

You collected 115 gold pieces.

Inventory:

Hand Weapons
 a - a +0 flail (weapon)
Armour
 b - a +0 scale mail (worn)
 c - a +0 buckler (worn)
Jewellery
 j - a ring of resist corrosion
Scrolls
 e - 3 scrolls of identify
 f - a scroll of teleportation
 h - a scroll of fear {unknown}
Potions
 g - a potion of mutation {unknown}


   Skills:
 * Level 5.1 Fighting
 + Level 3.1 Maces & Flails
 + Level 4.2 Armour
 + Level 4.2 Shields


You had 4 spell levels left.
You didn't know any spells.
Your spell library contained the following spells:

 Spells                   Type           Power      Damage    Failure   Level
 Dazzling Flash           Conj/Hex       0%         N/A       98%         3
 Agony                    Necr           0%         N/A       100%        5
 Silence                  Hex/Air        0%         N/A       100%        5


Dungeon Overview and Level Annotations

Branches:
Dungeon (3/15)

Altars:
Gozag
Kikubaaqudgha

Shops:
D:1 !

Annotations:
D:3 Grinder


Innate Abilities, Weirdness & Mutations

You are immune to sickness and miasma.
Your stone body is resilient. (AC +4)
You are immune to poison.
You resist negative energy. (rN+)
You are resistant to electric shocks. (rElec)
You are resistant to unholy torment.
You are immune to petrification.


Message History

Grinder completely misses you.
Grinder is nearby!
Grinder is nearby!
You closely miss Grinder. Grinder hits you!
You writhe in agony.
You barely miss Grinder. Grinder hits you.
You barely miss Grinder. Grinder hits you but does no damage.
You thump Grinder!
Grinder is moderately wounded.
Grinder barely misses you.
You hit Grinder but do no damage.
Grinder is moderately wounded.
Grinder gestures at you. Pain shoots through your body!
Grinder gestures at you.
You suddenly lose the ability to move!
Grinder hits you but does no damage. Grinder hits you. Grinder hits you!
* * * LOW HITPOINT WARNING * * *
You can move again.
You feel very mighty all of a sudden. Grinder hits you but does no damage.
You feel yourself speed up. Grinder barely misses you.
It was a potion of curing.
You feel better.
You barely miss Grinder.
Grinder is moderately wounded.
Grinder gestures at you.
You barely resist. You sock Grinder!
Grinder is severely wounded.
Grinder hits you.
* * * LOW HITPOINT WARNING * * *
You writhe in agony.
* * * LOW HITPOINT WARNING * * *
You closely miss Grinder.
Grinder is severely wounded.
Grinder hits you!
* * * LOW HITPOINT WARNING * * *
You writhe in agony.
You die...

# #....##.######...## #
..###..#.##............
#
.......#..)............
#
..###......)...........
#.......#######....#.
#.####..# #....#. #.
#....# #...... # #.##.#
#....#. #@##.# #......
......5....# #......
##..###.#### #.####. ..
..# ##....>. ###
####....... #...(..#.#.
#.##.#.#.#.
#####.##.#.....
#........#...##


You could see Grinder.

Vanquished Creatures
  Natasha (thrice) (D:3)
  An orc wizard (D:3)
  Robin (D:2)
  An adder (D:2)
  A worm (D:3)
  8 orcs (D:3)
  7 bats
  6 endoplasms
  7 giant cockroaches
  10 goblins
  7 hobgoblins
  2 jackals (D:3)
  A quokka (D:1)
  9 ball pythons
  3 frilled lizards
  7 kobolds
  7 rats
81 creatures vanquished.

Notes
Turn   | Place    | Note
-------+----------+-------------------------------------------
     0 | D:1      | vineage the Gargoyle Fighter began the quest for the Orb.
     0 | D:1      | Reached XP level 1. HP: 14/14 MP: 1/1
    62 | D:1      | Reached XP level 2. HP: 9/19 MP: 2/2
   515 | D:1      | Reached XP level 3. HP: 19/24 MP: 3/3
   593 | D:1      | Found Taqul's Distillery.
   694 | D:1      | Found a faded altar of an unknown god.
   915 | D:1      | Reached skill level 4 in Fighting
   951 | D:2      | Noticed Robin
  1362 | D:2      | Reached XP level 4. HP: 29/29 MP: 4/4
  1399 | D:2      | Killed Robin
  2061 | D:3      | Found an ancient bone altar of Kikubaaqudgha.
  2157 | D:3      | Found an opulent altar of Gozag.
  2184 | D:3      | Noticed Natasha
  2189 | D:3      | Killed Natasha
  2197 | D:3      | Reached XP level 5. HP: 13/34 MP: 5/5
  2773 | D:3      | Noticed Natasha
  2781 | D:3      | Killed Natasha
  2784 | D:3      | Reached skill level 5 in Fighting
  3077 | D:3      | Noticed Natasha
  3084 | D:3      | Killed Natasha
  3198 | D:3      | Noticed Grinder
  3203 | D:3      | Paralysed by Grinder for 4 turns
  3212 | D:3      | HP: 1/35 [Grinder (8)]
  3212 | D:3      | Slain by Grinder

Illustrated notes

Levels and vault maps discovered:
D:1:      dpeg_arrival_arbitrary_a, layout_rooms, serial_shops,
          nicolae_lakefront_shop, basic_ecumenical_altar, dk_noncrumbling_4,
          serial_bayou_pond_e
D:2:      layout_loops_ring, uniq_robin
D:3:      layout_loops_cross, kiku_gazebo_pond_becter,
          nicolae_gozag_seed_capital, uniq_grinder, uniq_natasha

Skill      XL: |  1  2  3  4  5 |
---------------+----------------+-----
Fighting       | 4 5 |  5.1
Armour         | 4 |  4.2
Shields        | 4 |  4.2
Maces & Flails | 3 |  3.1

Action                   |  1- 3 |  4- 6 || total
-------------------------+-------+-------++-------
Melee: Flail             |   137 |   120 ||   257
  Use: Scroll            |       |     4 ||     4
       Potion            |       |     5 ||     5
Armor: Scale mail        |   109 |    56 ||   165
       Skin              |       |     4 ||     4
Dodge: Dodged            |    99 |    47 ||   146
Block: Buckler           |    36 |    22 ||    58

Table legend: (Time is in decaauts)
 A = Elapsed time spent in this place.
 B = Non-inter-level travel time spent in this place.
 C = Inter-level travel time spent in this place.
 D = Time resting spent in this place.
 E = Time spent auto-exploring this place.
 F = Levels seen in this place.
 G = Mean time per level.
                   A        B        C        D        E       F      G
               +--------+--------+--------+--------+--------+-----+--------+
         Total |   3295 |   3225 |     70 |    411 |   2245 |   3 | 1098.3 |
       Dungeon |   3295 |   3225 |     70 |    411 |   2245 |   3 | 1098.3 |
               +--------+--------+--------+--------+--------+-----+--------+

Top non-repeatable levels by time:
     D:3: 1181 daAuts
     D:1: 1175 daAuts
     D:2: 938 daAuts
